 Dungeon Crawl Stone Soup version 0.20-a0-201-g851c6fa (webtiles) character file.

453 KristoblXynda the Shield-Bearer (level 6, -2/51 HPs)
             Began as a Draconian Fighter on Nov 24, 2016.
             Slain by a phantom (5 damage)
             ... on level 4 of the Dungeon.
             The game lasted 00:11:57 (4548 turns).

KristoblXynda the Shield-Bearer (Draconian Fighter) Turns: 4548, Time: 00:11:58

Health: -2/51      AC:  6    Str: 19      XL:     6   Next: 75%
Magic:  6/6        EV: 11    Int: 13 (15) God:
Gold:   179        SH:  9    Dex:  8 (10) Spells: 5/5 levels left

rFire  . . .     SeeInvis .     a - +0 long sword
rCold  . . .     Gourm    .     (armour unavailable)
rNeg   . . .     Faith    .     b - +0 shield
rPois  +         Spirit   .     (helmet restricted)
rElec  .         Reflect  .     (no cloak)
rCorr  .         Harm     .     (no gloves)
MR     +....                    (no boots)
Stlth  +.........               (no amulet)
                                (no ring)
                                v - ring of protection from magic

@: brilliant, lethally poisoned (-2 -> -3)
A: unfitting armour, talons 1, sense surroundings 1, poison resistance,
cold-blooded, AC +6
a: no special abilities


You were on level 4 of the Dungeon.
You were not hungry.

You visited 2 branches of the dungeon, and saw 5 of its levels.

You collected 179 gold pieces.

Inventory:

Hand Weapons
 a - a +0 long sword (weapon)
Missiles
 h - 8 javelins (quivered)
Armour
 b - a +0 shield (worn)
Jewellery
 v - a ring of protection from magic (left hand)
Wands
 l - a wand of iceblast (0/15)
Scrolls
 g - a scroll of noise {unknown}
 i - a scroll of blinking {unknown}
 j - a scroll of teleportation {unknown}
 m - a scroll of amnesia {unknown}
 n - 2 scrolls of remove curse {unknown}
 o - 2 scrolls of magic mapping {unknown}
 p - a scroll of random uselessness {unknown}
 q - a scroll of immolation {unknown}
 r - a scroll of recharging {unknown}
 t - a scroll of identify {unknown}
 w - 2 scrolls of fog {unknown}
Potions
 c - a potion of might
Comestibles
 d - 3 bread rations
 f - 2 meat rations
 k - a beef jerky


   Skills:
 - Level 3.2 Fighting
 + Level 4.5 Long Blades
 + Level 1.3 Throwing
 - Level 4.1 Dodging
 + Level 5.1 Shields


You had 5 spell levels left.
You didn't know any spells.

Dungeon Overview and Level Annotations

Branches:
Dungeon (4/15)             Temple (1/1) D:4

Altars:
Ashenzari
Cheibriados
Dithmenos
Elyvilon
Fedhas
Gozag
Kikubaaqudgha
Makhleb
Okawaru
Qazlal
Trog
The Shining One


Innate Abilities, Weirdness & Mutations

Your plain brown scales are hard. (AC +6)
You cannot fit into any form of body armour.
You are cold-blooded and may be slowed by cold attacks.
You have sharp toenails.
You passively map a small area around you.
Your system is resistant to poisons. (rPois)


Message History

The adder is heavily wounded.
The phantom blinks!
The adder bites you but does no damage.
You hit the adder. Your kick misses the adder.
The adder is almost dead.
You feel sick. The adder bites you but does no damage.
The adder closely misses you.
You riposte.
You barely miss the adder. Your kick misses the adder.
Your tail-slap misses the adder.
The adder is almost dead.
You closely miss the adder. You claw the adder, but do no damage.
The adder is almost dead.
You block the adder's attack. The phantom completely misses you.
The adder bites you but does no damage.
You closely miss the adder. You tail-slap the adder.
You kill the adder!
The phantom hits you but does no damage.
Your shield prevents you from hitting the phantom.
You claw the phantom.
Your tail-slap misses the phantom.
The phantom is severely damaged.
You feel sick. The phantom hits you.
You die...

...........#, *
...........# * * ,**
...........# ,,
............####,
,**,
..............$#, * #
>......###.#...#, ,
.# .#####..##.#...##
..
.........#.#....###?#
...........#...W@...#
#######..###.#####.##
.............# *.#
#######..##### .#
.........# *.#
######...# .# ,
...#...# .#
####.#...#########.#
.................# *


You could see a phantom.

Vanquished Creatures
  A phantom (D:4)
  A scorpion (D:4)
  An orc wizard (D:3)
  An iguana (D:4)
  2 worker ants (D:4)
  A howler monkey skeleton (D:4)
  8 adders
  3 oozes
  2 dart slugs
  3 leopard geckos
  16 orcs
  3 giant cockroaches
  8 goblins
  11 hobgoblins
  6 jackals
  2 quokkas (D:2)
  10 bats
  9 frilled lizards
  10 kobolds
  A quokka skeleton (D:4)
  7 rats
106 creatures vanquished.

Notes
Turn   | Place    | Note
-------+----------+-------------------------------------------
     0 | D:1      | KristoblXynda the Draconian Fighter began the quest for the Orb.
     0 | D:1      | Reached XP level 1. HP: 19/19 MP: 1/1
   222 | D:1      | Reached XP level 2. HP: 26/26 MP: 2/2
   792 | D:1      | Reached XP level 3. HP: 27/31 MP: 3/3
  1309 | D:2      | Reached XP level 4. HP: 36/38 MP: 4/4
  1385 | D:2      | Found an opulent altar of Gozag.
  1720 | D:3      | Reached skill level 4 in Shields
  2212 | D:3      | Reached XP level 5. HP: 6/45 MP: 5/5
  2593 | D:3      | Found a stormy altar of Qazlal.
  2594 | D:3      | Noticed an air elemental
  2594 | D:3      | Noticed a fire elemental
  2594 | D:3      | Noticed a water elemental
  2778 | D:3      | You fall through a shaft!
  2780 | D:4      | Found a staircase to the Ecumenical Temple.
  2815 | Temple   | Entered the Ecumenical Temple
  3139 | D:4      | Noticed a phantom
  3679 | D:4      | Gained mutation: You passively map a small area around you. [potion of mutation]
  3679 | D:4      | Gained mutation: Your system is resistant to poisons. (rPois) [potion of mutation]
  3680 | D:4      | Gained mutation: You have sharp toenails. [potion of beneficial mutation]
  3703 | D:4      | HP: 2/45 [poisoned by a worker ant]
  4210 | D:4      | Reached XP level 6. HP: 50/51 MP: 6/6
  4499 | D:4      | Reached skill level 1 in Throwing
  4499 | D:4      | Reached skill level 5 in Shields
  4548 | D:4      | Slain by a phantom

Vault maps used:
D:1:      mainiacjoe_arrival_reflecting_pool
D:2:      lemuel_round_altar, minmay_pentomino_p4
D:3:      nicolae_qazlal_style_of_elements, minmay_misc_feat_four_crosses,
          chequers_big_river
D:4:      lemuel_round_altar, minmay_bent
Temple:   eino_wide_crystal_templ

Skill      XL: |  1  2  3  4  5  6 |
---------------+-------------------+-----
Dodging        | 3 4 |  4.1
Long Blades    | 3 4 |  4.5
Shields        | 4 5 |  5.1
Throwing       | 1 |  1.3
Fighting       | |  3.2

Action                   |  1- 3 |  4- 6 || total
-------------------------+-------+-------++-------
Melee: Long sword        |   133 |   299 ||   432
       Tailslap          |    16 |    40 ||    56
       Kick              |       |    16 ||    16
Evoke: Wand              |       |     2 ||     2
  Use: Potion            |       |     8 ||     8
 Stab: Invisible         |       |     2 ||     2
  Eat: Chunk             |     2 |     5 ||     7
       Meat ration       |       |     1 ||     1
       Pizza             |       |     1 ||     1
       Beef jerky        |       |     1 ||     1
Armor: Skin              |    41 |    85 ||   126
Dodge: Dodged            |    59 |   128 ||   187
Block: Shield            |    77 |   147 ||   224
       Rpst.: Long sword |    11 |    40 ||    51
